 Dungeon Crawl Stone Soup version 0.22-a0-283-g1871b15 (webtiles) character file.

21 Amnesiac the Gusty (level 2, 0/15 HPs)
             Began as a Tengu Air Elementalist on Mar 20, 2018.
             Slain by a goblin
             ... wielding a +0 dagger
             ... led by Robin
              (4 damage)
             ... on level 1 of the Dungeon.
             The game lasted 00:00:53 (888 turns).

Amnesiac the Gusty (Tengu Air Elementalist)          Turns: 888, Time: 00:00:54

Health: 0/15       AC:  2    Str:  8    XL:     2   Next: 83%
Magic:  0/6        EV: 12    Int: 15    God:
Gold:   84         SH:  0    Dex: 14    Spells: 4/5 levels left

rFire    . . .     SeeInvis .   (no weapon)
rCold    . . .     Gourm    .   (no shield)
rNeg     . . .     Faith    .   a - +0 robe
rPois    .         Spirit   .   (helmet restricted)
rElec    .         Reflect  .   (no cloak)
rCorr    .         Harm     .   (no gloves)
MR       .....                  (boots unavailable)
Stlth    ++........             (no amulet)
HPRegen  0.05/turn              (no ring)
MPRegen  0.10/turn              (no ring)

@: no status effects
A: beak, talons 3
a: no special abilities


You were on level 1 of the Dungeon.
You were hungry.

You visited 1 branch of the dungeon, and saw 2 of its levels.

You collected 84 gold pieces.

Inventory:

Armour
 a - a +0 robe (worn)
Scrolls
 d - a scroll of identify {!r, unknown}
 f - 2 scrolls of remove curse {!r, unknown}
 h - a scroll of teleportation {!r, unknown}
 k - 4 scrolls of enchant armour {!r, unknown}
Potions
 e - a potion of berserk rage {!q, unknown}
 g - a potion of haste {!q, unknown}
 i - a potion of ambrosia {!q, unknown}
Comestibles
 c - 3 rations


   Skills:
 - Level 2.1 Dodging
 - Level 2.0 Stealth
 + Level 2.3 Spellcasting
 - Level 1.3 Conjurations
 * Level 4.9 Air Magic


You had 4 spell levels left.
You knew the following spells:

 Your Spells              Type           Power        Failure   Level  Hunger
a - Shock                 Conj/Air       ##..         6%          1    #......


Dungeon Overview and Level Annotations

Branches:
Dungeon (2/15)

Altars:

Annotations:
D:2 Robin


Innate Abilities, Weirdness & Mutations

You have a beak for a mouth.
You have claws for feet.


Message History

Press: ? - help, Shift-Dir - straight line, f - goblin
Aim: a goblin, wielding a hunting sling The zap hits the goblin.
The goblin is heavily wounded.
You hear a shout! x2
Casting: Shock (safe; 6% risk of failure)
Confirm with . or Enter, or press ? or * to list all spells.
Aiming: Shock (safe; 6% risk of failure)
Press: ? - help, Shift-Dir - straight line, f/p - goblin
Aim: a goblin, wielding a hunting sling (heavily wounded)
The zap hits the goblin.
The goblin is severely wounded.
Casting: Shock (safe; 6% risk of failure)
Confirm with . or Enter, or press ? or * to list all spells.
Aiming: Shock (safe; 6% risk of failure)
Press: ? - help, Shift-Dir - straight line, f/p - goblin
Aim: a goblin, wielding a hunting sling (severely wounded)
The zap hits the goblin.
You kill the goblin!
Robin of the Strong Arm comes into view.
She is wielding a spear of venom.
Casting: Shock (safe; 6% risk of failure)
Confirm with . or Enter, or press ? or * to list all spells.
Aiming: Shock (safe; 6% risk of failure)
Press: ? - help, Shift-Dir - straight line, f - goblin
Aim: a goblin The zap hits the goblin.
The goblin is moderately wounded.
Robin throws the goblin at you! The goblin misses you.
Casting: Shock (safe; 6% risk of failure)
Confirm with . or Enter, or press ? or * to list all spells.
Aiming: Shock (safe; 6% risk of failure)
Press: ? - help, Shift-Dir - straight line, f/p - goblin
Aim: a goblin (moderately wounded)
The zap misses the goblin.
Robin throws the goblin at you! The goblin closely misses you.
Casting: Shock (safe; 6% risk of failure)
Confirm with . or Enter, or press ? or * to list all spells.
You don't have enough magic to cast that spell.
The goblin hits you with a dagger. The goblin hits you with a whip.
* * * LOW HITPOINT WARNING * * *
You climb upwards.
There is a stone staircase leading down here.
The goblin misses you. The goblin hits you but does no damage.
Casting: Shock (safe; 6% risk of failure)
Confirm with . or Enter, or press ? or * to list all spells.
Aiming: Shock (safe; 6% risk of failure)
Press: ? - help, Shift-Dir - straight line, f - goblin
Aim: a goblin, wielding a dagger The zap misses the goblin.
The zap hits the goblin.
You kill the goblin!
The goblin hits you with a dagger.
* * * LOW HITPOINT WARNING * * *
You see here 43 stones.
You are feeling hungry.
Casting: Shock (safe; 6% risk of failure)
Confirm with . or Enter, or press ? or * to list all spells.
Aiming: Shock (safe; 6% risk of failure)
Press: ? - help, Shift-Dir - straight line, f/p - goblin
Aim: a goblin, wielding a dagger The zap hits the goblin.
The goblin is almost dead.
The goblin hits you with a dagger.
You die...

#.# #........##. #.#
#...[....... #.#
#........... #.#
###########.
##.########## #.
#.(##.......######.
#.###...........##.
##g###........##.##.
#..@##........##.##.
#.#.................
#...##.......###.###
######.......###.# #
#...........# #
############# # # #
#


You could see a goblin.

Vanquished Creatures
  A dart slug (D:1)
  A leopard gecko (D:1)
  3 goblins
  3 hobgoblins (D:1)
  2 bats (D:1)
  A frilled lizard (D:1)
  4 kobolds (D:1)
  3 rats (D:1)
18 creatures vanquished.

Notes
Turn   | Place    | Note
-------+----------+-------------------------------------------
     0 | D:1      | Amnesiac the Tengu Air Elementalist began the quest for the Orb.
     0 | D:1      | Reached XP level 1. HP: 10/10 MP: 4/4
   421 | D:1      | Reached XP level 2. HP: 15/15 MP: 0/6
   867 | D:2      | Noticed Robin
   888 | D:1      | Slain by a goblin

Vault maps used:
D:1:      minmay_arrival_five_plusses
D:2:      first_ration, uniq_robin

Action                   || total
-------------------------++-------
Melee: Unarmed           ||     1
 Cast: Shock             ||    40
Armor: Robe              ||     3
Dodge: Dodged            ||     7

Table legend:
 A = Spawn XP
 B = Non-spawn XP
 C = Spawn XP percentage of total XP
 D = Spawn monster count
 E = Non-spawn monster count
 F = Spawn count percentage of total count
 G = Total turns spent on level
                    A         B        C        D         E        F      G
               +---------+---------+-------+---------+---------+-------+---------
         Total |       0 |      30 |   0.0 |       0 |      18 |   0.0 |   888
               +---------+---------+-------+---------+---------+-------+---------
           D:1 |       0 |      26 |   0.0 |       0 |      16 |   0.0 |   880
           D:2 |       0 |       4 |   0.0 |       0 |       2 |   0.0 |     8
               +---------+---------+-------+---------+---------+-------+---------
